[ AOE2 MATCH · #505177616 ]
UnrankedHindustanis vs Goths
Rival team · LOSS
[ REPLAY ANALYSIS · EXTRACTED FROM THE RECORDED GAME ]
Feudal
9:22
Castle
27:58
Imperial
44:52
| APM avg | 51.5 |
| APM peak | 80 |
| eAPM avg | 22.4 |
| Villagers / military | 161 / 132 |
Focus
⚔️ 34.9% · 🌾 65.1%
Scout Cavalry ×35 · Hand Cannoneer ×32 · Camel Scout ×24 · Archer ×18 · Skirmisher ×8 · Ghulam ×6
Feudal
13:55
Castle
31:24
Imperial
46:43
| APM avg | 52.4 |
| APM peak | 99 |
| eAPM avg | 27.8 |
| Villagers / military | 221 / 151 |
Focus
⚔️ 37.2% · 🌾 62.8%
Huskarl ×40 · Spearman ×40 · Skirmisher ×26 · Knight ×24 · Militia ×12 · Trebuchet (Packed) ×6
Match map
Initial resources + every placement click. Lines = walls · curves = elevation contours. ◆ gold · ⬟ stone · ● berries · ✦ relic · ◌ wall gap
Your base· Open — 4t gap
新竹's base· Open — unwalled flank
Smoothed initial terrain · ◌ = detected wall gap · hover for details
Inputs per minute
— chandu champion - - 新竹
Build order — chandu champion
First 150 of 487 actions detected
| 0:00 | Create | Villager (Male) |
| 0:01 | Create | Villager (Male) |
| 0:01 | Create | Villager (Male) |
| 0:02 | Build | House |
| 0:03 | Build | House |
| 0:09 | Create | Villager (Male) |
| 1:01 | Create | Villager (Male) |
| 1:26 | Create | Villager (Male) |
| 2:03 | Create | Villager (Male) |
| 2:05 | Build | Lumber Camp |
| 2:15 | Create | Villager (Male) |
| 2:15 | Create | Villager (Male) |
| 2:50 | Create | Villager (Male) |
| 2:50 | Create | Villager (Male) |
| 2:59 | Build | House |
| 3:03 | Create | Villager (Male) |
| 3:03 | Create | Villager (Male) |
| 3:56 | Create | Villager (Male) |
| 3:56 | Create | Villager (Male) |
| 4:31 | Create | Villager (Male) |
| 4:31 | Create | Villager (Male) |
| 4:32 | Create | Villager (Male) |
| 5:10 | Build | Palisade Wall |
| 5:11 | Build | Palisade Wall |
| 5:17 | Create | Villager (Male) |
| 5:29 | Build | Barracks |
| 5:55 | Create | Villager (Male) |
| 6:03 | Build | Palisade Wall |
| 6:08 | Create | Villager (Male) |
| 6:27 | Build | Palisade Wall |
| 6:37 | Build | House |
| 6:38 | Build | Palisade Wall |
| 6:38 | Build | Palisade Wall |
| 6:47 | Research | Loom |
| 6:51 | Build | Palisade Wall |
| 6:52 | Build | Palisade Wall |
| 7:08 | Research | Feudal Age |
| 7:21 | Build | Palisade Wall |
| 7:23 | Build | Palisade Wall |
| 7:23 | Build | Palisade Wall |
| 7:48 | Build | Palisade Wall |
| 8:01 | Create | Villager (Male) |
| 8:14 | Create | Villager (Male) |
| 8:39 | Build | Palisade Wall |
| 9:22 | Age | Feudal Age |
| 9:27 | Build | Stable |
| 9:29 | Create | Villager (Male) |
| 9:35 | Build | Watch Tower |
| 9:43 | Research | Double-Bit Axe |
| 9:46 | Build | Mill |
| 10:01 | Build | House |
| 10:18 | Create | Scout Cavalry |
| 10:36 | Build | House |
| 10:57 | Create | Villager (Male) |
| 11:12 | Create | Villager (Male) |
| 11:33 | Create | Villager (Male) |
| 11:42 | Create | Villager (Male) |
| 11:49 | Build | Archery Range |
| 12:00 | Create | Scout Cavalry |
| 12:33 | Create | Scout Cavalry |
| 12:39 | Build | Mining Camp |
| 13:00 | Create | Archer |
| 13:04 | Create | Villager (Male) |
| 13:05 | Build | Farm |
| 13:10 | Create | Villager (Male) |
| 13:28 | Create | Villager (Male) |
| 13:30 | Build | Farm |
| 13:39 | Build | House |
| 13:43 | Create | Villager (Male) |
| 13:49 | Build | House |
| 14:03 | Create | Archer |
| 14:12 | Create | Villager (Male) |
| 14:13 | Build | Farm |
| 14:19 | Create | Villager (Male) |
| 14:22 | Create | Archer |
| 14:34 | Create | Archer |
| 14:43 | Create | Villager (Male) |
| 14:45 | Build | Farm |
| 15:03 | Create | Archer |
| 15:05 | Build | House |
| 15:19 | Create | Archer |
| 15:23 | Build | Farm |
| 15:26 | Create | Archer |
| 15:33 | Build | House |
| 15:40 | Build | Farm |
| 16:00 | Create | Villager (Male) |
| 16:13 | Build | Mining Camp |
| 16:20 | Create | Skirmisher |
| 16:42 | Create | Villager (Male) |
| 16:53 | Create | Villager (Male) |
| 16:56 | Build | Blacksmith |
| 17:03 | Create | Skirmisher |
| 17:12 | Build | Outpost |
| 17:43 | Create | Villager (Male) |
| 17:45 | Build | Farm |
| 17:49 | Build | Lumber Camp |
| 17:55 | Create | Villager (Male) |
| 17:59 | Build | House |
| 18:01 | Create | Skirmisher |
| 18:13 | Create | Villager (Male) |
| 18:15 | Build | Farm |
| 18:26 | Build | House |
| 18:28 | Create | Villager (Male) |
| 18:33 | Build | Farm |
| 18:41 | Create | Villager (Male) |
| 18:45 | Research | Fletching |
| 18:51 | Create | Villager (Male) |
| 18:55 | Create | Skirmisher |
| 19:04 | Create | Villager (Male) |
| 19:13 | Build | Market |
| 19:21 | Build | Farm |
| 19:22 | Build | Farm |
| 19:29 | Build | Farm |
| 19:48 | Build | House |
| 19:51 | Build | Farm |
| 19:53 | Create | Skirmisher |
| 19:59 | Research | Wheelbarrow |
| 20:07 | Create | Villager (Male) |
| 20:23 | Build | House |
| 20:30 | Build | Farm |
| 20:31 | Create | Skirmisher |
| 20:33 | Build | House |
| 20:35 | Build | House |
| 20:42 | Create | Villager (Male) |
| 20:46 | Build | Watch Tower |
| 20:56 | Create | Villager (Male) |
| 21:20 | Build | Farm |
| 21:22 | Build | Farm |
| 21:34 | Create | Villager (Male) |
| 21:38 | Build | Mining Camp |
| 21:44 | Create | Villager (Male) |
| 21:55 | Create | Skirmisher |
| 22:00 | Create | Villager (Male) |
| 22:04 | Build | House |
| 22:06 | Build | House |
| 22:07 | Create | Skirmisher |
| 22:13 | Create | Villager (Male) |
| 22:14 | Build | Farm |
| 22:19 | Build | House |
| 22:22 | Build | House |
| 22:26 | Build | House |
| 22:41 | Create | Villager (Male) |
| 22:53 | Build | Watch Tower |
| 23:19 | Create | Villager (Male) |
| 23:21 | Build | Farm |
| 23:40 | Create | Villager (Male) |
| 24:12 | Create | Villager (Male) |
| 24:25 | Build | House |
| 24:34 | Build | Farm |
| 24:42 | Create | Villager (Male) |
Build order — 新竹
First 150 of 620 actions detected
| 0:01 | Create | Villager (Male) |
| 0:01 | Create | Villager (Male) |
| 0:01 | Create | Villager (Male) |
| 0:01 | Create | Villager (Male) |
| 0:02 | Build | House |
| 0:04 | Build | House |
| 1:30 | Create | Villager (Male) |
| 1:30 | Create | Villager (Male) |
| 1:30 | Create | Villager (Male) |
| 1:51 | Research | Loom |
| 2:01 | Create | Villager (Male) |
| 2:19 | Create | Villager (Male) |
| 2:19 | Create | Villager (Male) |
| 2:19 | Create | Villager (Male) |
| 2:29 | Build | House |
| 2:43 | Create | Villager (Male) |
| 2:43 | Create | Villager (Male) |
| 2:43 | Create | Villager (Male) |
| 2:59 | Create | Villager (Male) |
| 2:59 | Create | Villager (Male) |
| 3:00 | Create | Villager (Male) |
| 3:40 | Create | Villager (Male) |
| 3:40 | Create | Villager (Male) |
| 3:40 | Create | Villager (Male) |
| 3:40 | Create | Villager (Male) |
| 4:17 | Build | Barracks |
| 4:26 | Create | Villager (Male) |
| 4:26 | Create | Villager (Male) |
| 4:27 | Create | Villager (Male) |
| 4:45 | Build | Palisade Wall |
| 4:48 | Build | Palisade Wall |
| 4:48 | Build | Palisade Wall |
| 4:50 | Create | Villager (Male) |
| 4:50 | Create | Villager (Male) |
| 4:50 | Create | Villager (Male) |
| 5:23 | Build | Palisade Wall |
| 5:24 | Build | Palisade Wall |
| 5:26 | Build | Palisade Wall |
| 5:28 | Create | Militia ×2 |
| 5:28 | Create | Militia ×2 |
| 5:55 | Create | Militia |
| 5:55 | Create | Militia |
| 6:08 | Create | Villager (Male) |
| 6:10 | Build | House |
| 6:33 | Build | Palisade Wall |
| 6:34 | Build | Palisade Wall |
| 6:35 | Build | Palisade Wall |
| 6:45 | Create | Villager (Male) |
| 6:45 | Create | Villager (Male) |
| 6:45 | Create | Villager (Male) |
| 7:18 | Build | Palisade Wall |
| 7:29 | Create | Villager (Male) |
| 7:30 | Create | Villager (Male) |
| 7:30 | Create | Villager (Male) |
| 7:46 | Build | Palisade Wall |
| 7:57 | Build | Mill |
| 8:02 | Build | House |
| 8:14 | Build | Palisade Wall |
| 8:27 | Create | Villager (Male) |
| 9:00 | Create | Villager (Male) |
| 9:03 | Create | Villager (Male) |
| 9:03 | Create | Villager (Male) |
| 9:25 | Build | Lumber Camp |
| 9:41 | Build | Palisade Wall |
| 10:06 | Build | Palisade Wall |
| 10:23 | Build | Mill |
| 10:38 | Build | House |
| 10:47 | Create | Villager (Male) |
| 10:52 | Build | House |
| 11:25 | Build | Farm |
| 11:26 | Create | Villager (Male) |
| 11:45 | Research | Feudal Age |
| 11:45 | Research | Feudal Age |
| 11:56 | Create | Militia |
| 11:57 | Create | Militia |
| 12:01 | Build | Mining Camp |
| 12:11 | Build | House |
| 12:24 | Build | Palisade Wall |
| 12:25 | Build | Palisade Wall |
| 12:28 | Build | Palisade Wall |
| 12:30 | Build | Palisade Wall |
| 12:54 | Build | Palisade Wall |
| 12:58 | Build | Palisade Wall |
| 12:59 | Build | Palisade Wall |
| 13:13 | Build | Farm |
| 13:51 | Build | Palisade Wall |
| 13:55 | Age | Feudal Age |
| 14:01 | Create | Villager (Male) |
| 14:01 | Create | Villager (Male) |
| 14:09 | Create | Spearman |
| 14:09 | Create | Spearman |
| 14:14 | Build | Watch Tower |
| 14:50 | Create | Spearman |
| 14:51 | Create | Spearman |
| 15:15 | Create | Villager (Male) |
| 15:25 | Build | Watch Tower |
| 15:27 | Create | Villager (Male) |
| 15:28 | Create | Villager (Male) |
| 15:39 | Research | Man-at-Arms (upgrade) |
| 15:39 | Research | Man-at-Arms (upgrade) |
| 15:40 | Create | Villager (Male) |
| 15:41 | Create | Villager (Male) |
| 15:42 | Build | Palisade Wall |
| 15:47 | Build | Palisade Wall |
| 15:49 | Build | Palisade Wall |
| 16:08 | Build | Lumber Camp |
| 16:25 | Create | Villager (Male) |
| 16:25 | Create | Villager (Male) |
| 16:25 | Create | Villager (Male) |
| 16:57 | Build | Watch Tower |
| 17:04 | Build | Farm |
| 17:19 | Build | Watch Tower |
| 17:24 | Build | House |
| 17:53 | Create | Villager (Male) |
| 17:54 | Create | Villager (Male) |
| 17:54 | Create | Villager (Male) |
| 17:59 | Build | Watch Tower |
| 18:04 | Build | Palisade Wall |
| 18:19 | Build | Farm |
| 18:21 | Build | Farm |
| 18:22 | Create | Villager (Male) |
| 18:22 | Create | Villager (Male) |
| 18:22 | Create | Villager (Male) |
| 18:22 | Create | Villager (Male) |
| 18:49 | Build | Watch Tower |
| 19:17 | Create | Villager (Male) |
| 19:17 | Create | Villager (Male) |
| 19:17 | Create | Villager (Male) |
| 19:17 | Create | Villager (Male) |
| 19:34 | Build | House |
| 19:37 | Create | Villager (Male) |
| 19:37 | Create | Villager (Male) |
| 19:37 | Create | Villager (Male) |
| 19:37 | Create | Villager (Male) |
| 19:45 | Build | Farm |
| 20:04 | Build | Palisade Wall |
| 20:07 | Build | Palisade Wall |
| 20:08 | Build | Palisade Wall |
| 20:09 | Build | Palisade Wall |
| 20:10 | Build | Palisade Wall |
| 20:11 | Create | Villager (Male) |
| 20:12 | Create | Villager (Male) |
| 20:12 | Create | Villager (Male) |
| 20:12 | Create | Villager (Male) |
| 20:20 | Build | House |
| 20:35 | Build | Watch Tower |
| 20:41 | Create | Villager (Male) |
| 20:41 | Create | Villager (Male) |
| 20:41 | Create | Villager (Male) |
| 20:41 | Create | Villager (Male) |
Match timeline
| 4:17 | 新竹 · first_building Barracks |
| 4:45 | 新竹 · wall_segment Palisade Wall x1 |
| 4:48 | 新竹 · wall_segment Palisade Wall x1 |
| 4:48 | 新竹 · wall_segment Palisade Wall x1 |
| 5:10 | chandu champion · wall_segment Palisade Wall x1 |
| 5:11 | chandu champion · wall_segment Palisade Wall x1 |
| 5:23 | 新竹 · wall_segment Palisade Wall x2 |
| 5:24 | 新竹 · wall_segment Palisade Wall x1 |
| 5:26 | 新竹 · wall_segment Palisade Wall x5 |
| 5:29 | chandu champion · first_building Barracks |
| 6:03 | chandu champion · wall_segment Palisade Wall x5 |
| 6:27 | chandu champion · wall_segment Palisade Wall x2 |
| 6:33 | 新竹 · wall_segment Palisade Wall x2 |
| 6:34 | 新竹 · wall_segment Palisade Wall x2 |
| 6:35 | 新竹 · wall_segment Palisade Wall x3 |
| 6:38 | chandu champion · wall_segment Palisade Wall x1 |
| 6:38 | chandu champion · wall_segment Palisade Wall x1 |
| 6:51 | chandu champion · wall_segment Palisade Wall x1 |
| 6:52 | chandu champion · wall_segment Palisade Wall x1 |
| 7:18 | 新竹 · wall_segment Palisade Wall x2 |
| 7:21 | chandu champion · wall_segment Palisade Wall x1 |
| 7:23 | chandu champion · wall_segment Palisade Wall x1 |
| 7:23 | chandu champion · wall_segment Palisade Wall x1 |
| 7:46 | 新竹 · wall_segment Palisade Wall x1 |
| 7:48 | chandu champion · wall_segment Palisade Wall x1 |
| 8:14 | 新竹 · wall_segment Palisade Wall x1 |
| 8:39 | chandu champion · wall_segment Palisade Wall x1 |
| 9:22 | chandu champion · age_up feudal |
| 9:27 | chandu champion · first_building Stable |
| 9:41 | 新竹 · wall_segment Palisade Wall x2 |
| 10:06 | 新竹 · wall_segment Palisade Wall x1 |
| 11:49 | chandu champion · first_building Archery Range |
| 12:24 | 新竹 · wall_segment Palisade Wall x3 |
| 12:25 | 新竹 · wall_segment Palisade Wall x3 |
| 12:28 | 新竹 · wall_segment Palisade Wall x1 |
| 12:30 | 新竹 · wall_segment Palisade Wall x1 |
| 12:54 | 新竹 · wall_segment Palisade Wall x1 |
| 12:58 | 新竹 · wall_segment Palisade Wall x1 |
| 12:59 | 新竹 · wall_segment Palisade Wall x1 |
| 13:51 | 新竹 · wall_segment Palisade Wall x1 |
| 13:55 | 新竹 · age_up feudal |
| 15:42 | 新竹 · wall_segment Palisade Wall x1 |
| 15:47 | 新竹 · wall_segment Palisade Wall x1 |
| 15:49 | 新竹 · wall_segment Palisade Wall x1 |
| 18:04 | 新竹 · wall_segment Palisade Wall x2 |
| 20:02 | chandu champion · first_market_sell 100 stone |
| 20:04 | chandu champion · first_market_buy 100 food |
| 20:04 | 新竹 · wall_segment Palisade Wall x2 |
| 20:07 | 新竹 · wall_segment Palisade Wall x3 |
| 20:08 | 新竹 · wall_segment Palisade Wall x2 |
| 20:09 | 新竹 · wall_segment Palisade Wall x1 |
| 20:10 | 新竹 · wall_segment Palisade Wall x1 |
| 21:55 | 新竹 · wall_segment Palisade Wall x2 |
| 21:55 | 新竹 · wall_segment Palisade Wall x2 |
| 27:30 | chandu champion · wall_segment Palisade Wall x1 |
| 27:58 | chandu champion · age_up castle |
| 28:14 | 新竹 · first_market_buy 100 food |
| 28:23 | 新竹 · wall_segment Palisade Wall x2 |
| 28:24 | 新竹 · wall_segment Palisade Wall x2 |
| 28:24 | 新竹 · wall_segment Palisade Wall x3 |
| 28:26 | 新竹 · wall_segment Palisade Wall x3 |
| 28:49 | 新竹 · first_building Stable |
| 28:57 | chandu champion · first_building Monastery |
| 31:24 | 新竹 · age_up castle |
| 37:38 | chandu champion · wall_segment Palisade Wall x1 |
| 37:39 | chandu champion · wall_segment Palisade Wall x1 |
| 38:33 | 新竹 · first_building Monastery |
| 41:26 | chandu champion · first_building Castle |
| 41:40 | 新竹 · first_building Castle |
| 44:12 | chandu champion · first_building Siege Workshop |
| 44:52 | chandu champion · age_up imperial |
| 46:43 | 新竹 · age_up imperial |
| 49:43 | 新竹 · first_building Archery Range |
| 50:21 | 新竹 · first_market_sell 100 wood |
| 55:42 | 新竹 · resign |
[ AI ANALYSIS · 1 CREDIT ]
What really happened in this match?
Wolo.gg analyzes every decision: build order, eco, micro, common mistakes by bracket. Personalized analysis on WhatsApp or Discord in 30 seconds.
Civ guide
Hindustanis
Perfil
Jugador #974876